 Dungeon Crawl Stone Soup version 0.25-a0-1113-g0499d652a8 (webtiles) character file.

Game seed: 18108119215516909287, levelgen mode: classic

403 Amnesiac the Ogre Mage (level 6, 0/55 HPs)
             Began as an Ogre Wizard on May 17, 2020.
             Was an Initiate of Wu Jian.
             Killed by nerve-wracking pain
             ... invoked by an orc priest
              (10 damage)
             ... on level 5 of the Dungeon.
             The game lasted 00:04:55 (2079 turns).

Amnesiac the Ogre Mage (Ogre Wizard)                Turns: 2079, Time: 00:04:55

Health: 0/55       AC:  3    Str: 14    XL:     6   Next: 86%
Magic:  13/13      EV: 10    Int: 19    God:    Wu Jian [......]
Gold:   116        SH:  0    Dex:  7    Spells: 4/15 levels left

rFire    . . .     SeeInvis .   a - +0 dagger (venom)
rCold    . . .     Gourm    .   (no shield)
rNeg     . . .     Faith    .   i - +0 robe
rPois    .         Spirit   .   e - +0 hat
rElec    .         Reflect  .   (no cloak)
rCorr    .         Harm     .   (gloves unavailable)
MR       .....                  (boots unavailable)
Stlth    +.........             h - amulet of the acrobat
HPRegen  0.18/turn              (no ring)
MPRegen  0.13/turn              (no ring)

@: no status effects
A: large, unfitting armour, tough skin 1
a: Renounce Religion


You were on level 5 of the Dungeon.
You worshipped Wu Jian.
Wu Jian was noncommittal.
You were not hungry.

You visited 2 branches of the dungeon, and saw 6 of its levels.

You collected 116 gold pieces.

Inventory:

Hand Weapons
 a - a +0 dagger of venom (weapon)
 b - a +0 giant club
Missiles
 s - a throwing net (quivered)
 v - 15 poisoned darts
Armour
 e - a +0 hat (worn)
 i - a +0 robe (worn)
Jewellery
 c - an uncursed amulet of regeneration
 h - an amulet of the acrobat (around neck)
 p - an uncursed ring of flight {unknown}
Wands
 f - a wand of clouds (6)
Scrolls
 l - 3 scrolls of teleportation {!r, unknown}
 m - 3 scrolls of identify {!r, unknown}
 n - a scroll of immolation {!r, unknown}
 o - 2 scrolls of blinking {!r, unknown}
 t - a scroll of remove curse {!r, unknown}
Potions
 g - a potion of heal wounds {!q, unknown}
 j - 2 potions of curing {!q, unknown}
 k - a potion of haste {!q, unknown}
 q - a potion of magic {!q, unknown}
 r - a potion of lignification {!q, unknown}
Comestibles
 d - 7 rations
 u - 2 chunks of flesh


   Skills:
 + Level 1.3 Fighting
 * Level 1.3 Short Blades
 - Level 1.7 Dodging
 + Level 1.7 Stealth
 - Level 5.0 Spellcasting
 - Level 5.0 Conjurations
 - Level 0.8 Summonings
 - Level 0.8 Translocations


You had 4 spell levels left.
You knew the following spells:

 Your Spells              Type           Power        Failure   Level  Hunger
a - Magic Dart            Conj           ###.         1%          1    None
b - Call Imp              Summ           #.......     13%         2    #......
e - Mephitic Cloud        Conj/Pois/Air  ##......     19%         3    ##.....
s - Conjure Flame         Conj/Fire      ##......     13%         3    ##.....
v - Blink                 Tloc           N/A          13%         2    #......

Your spell library contained the following spells:

 Spells                   Type           Power        Failure   Level  Hunger
 Slow                     Hex            #.......     19%         2    #......


Dungeon Overview and Level Annotations

Branches:
Dungeon (5/15)             Temple (1/1) D:5

Altars:
Ashenzari
Dithmenos
Nemelex Xobeh
Qazlal
Ru
Vehumet
Wu Jian
Zin

Annotations:
D:4 exclusion: statue


Innate Abilities, Weirdness & Mutations

You are too large for most types of armour.
You have tough skin. (AC +1)


Message History

You kill the orc!
The Council accepts your kill. The orc hits you with a +0 club.
An orc comes into view. It is wielding a +0 whip.
You barely miss the orc. The orc closely misses you.
The orc wizard gestures at you while chanting.
The magic dart hits you.
You closely miss the orc wizard. The orc hits you but does no damage.
The orc wizard hits you with a +0 dagger.
You hit the orc wizard but do no damage.
The orc wizard is poisoned.
The orc closely misses you.
The orc wizard hits you but does no damage.
You barely miss the orc wizard.
The orc wizard is lightly wounded.
The orc hits you with a +0 club.
The orc wizard hits you but does no damage.
You hit the orc wizard but do no damage.
The orc wizard is moderately wounded.
The orc misses you.
The orc wizard hits you but does no damage.
The orc barely misses you.
You barely miss the orc wizard.
The orc wizard is heavily wounded.
The orc priest barely misses you. The orc closely misses you.
The orc wizard closely misses you.
You closely miss the orc priest. The orc closely misses you.
The orc priest misses you. The orc hits you but does no damage.
The orc wizard closely misses you.
You hit the orc priest.
The orc priest is poisoned.
The orc priest is lightly wounded.
The orc closely misses you.
The orc priest hits you with a +0 short sword.
The orc hits you with a +0 whip.
The orc wizard hits you with a +0 dagger.
* * * LOW HITPOINT WARNING * * *
You hit the orc priest.
The orc priest looks as sick as possible!
The orc priest is moderately wounded.
The orc hits you but does no damage.
The orc priest invokes the aid of Beogh against you.
Pain shoots through your body!
* * * LOW HITPOINT WARNING * * *
The orc barely misses you.
The orc wizard gestures at you while chanting.
The magic dart hits you.
* * * LOW HITPOINT WARNING * * *
You completely miss the orc priest.
The orc priest is moderately wounded.
The orc barely misses you.
The orc priest hits you with a +0 short sword.
* * * LOW HITPOINT WARNING * * *
The orc wizard mumbles some strange words.
The orc wizard seems to speed up.
The orc barely misses you.
Okay, then.
Unknown command.
You barely miss the orc priest.
The orc priest is moderately wounded.
The orc wizard looks more healthy.
The orc wizard hits you with a +0 dagger.
* * * LOW HITPOINT WARNING * * *
The orc closely misses you.
The orc priest invokes the aid of Beogh against you.
Pain shoots through your body!
You die...

#### #.# ## #.#
##o #.# ##.. #.#
##.. #.# ##..#
#.# ##..o## #.##
#...o@## #...
#...#oo.######
#...
#..###.......##
#... #..#
##.......## #...
#..
#...##...#####...
#.
#..####........#.
# #..#
#........#. #...
#...#######.
#.......## ###.


You could see an orc priest (extremely poisoned), an orc wizard (fast) and 2
orcs.

Vanquished Creatures
  An ogre (D:4)
  2 centaurs (D:5)
  An orc priest (D:4)
  4 worker ants
  3 gnolls
  3 adders
  An ooze (D:5)
  A leopard gecko (D:4)
  4 orcs
  A giant cockroach (D:2)
  3 goblins
  A hobgoblin (D:2)
  A ball python (D:4)
  A kobold (D:1)
  2 rats
29 creatures vanquished.

Vanquished Creatures (collateral kills)
  An ogre (D:4)
  A howler monkey skeleton (D:4)
2 creatures vanquished.

Grand Total: 31 creatures vanquished

Notes
Turn   | Place    | Note
-------+----------+-------------------------------------------
     0 | D:1      | Amnesiac the Ogre Wizard began the quest for the Orb.
     0 | D:1      | Reached XP level 1. HP: 16/16 MP: 5/5
    90 | D:2      | Reached skill level 1 in Conjurations
    90 | D:2      | Reached XP level 2. HP: 24/24 MP: 0/6
    94 | D:2      | Learned a level 2 spell: Blink
    97 | D:2      | Learned a level 2 spell: Call Imp
   312 | D:4      | Reached XP level 3. HP: 31/31 MP: 6/8
   317 | D:4      | Learned a level 3 spell: Mephitic Cloud
   362 | D:4      | Found a radiant altar of Vehumet.
   362 | D:4      | Noticed a charred statue
   363 | D:4      | Noticed an ogre
   384 | D:4      | Noticed an ogre
   390 | D:4      | Killed an ogre
   390 | D:4      | Reached XP level 4. HP: 39/39 MP: 4/10
   427 | D:4      | Killed an ogre
   427 | D:4      | Reached XP level 5. HP: 22/45 MP: 3/12
   547 | D:4      | Found a glowing silver altar of Zin.
   547 | D:4      | Found a stormy altar of Qazlal.
   547 | D:4      | Found a sparkling altar of Nemelex Xobeh.
   630 | D:4      | Learned a level 3 spell: Conjure Flame
   759 | D:4      | Reached skill level 5 in Spellcasting
  1321 | D:5      | Entered Level 5 of the Dungeon
  1321 | D:5      | Noticed an ogre
  1338 | D:4      | Reached XP level 6. HP: 18/53 MP: 9/13
  1591 | D:5      | Found a staircase to the Ecumenical Temple.
  1697 | D:5      | Reached skill level 5 in Conjurations
  1700 | D:5      | Reached skill level 1 in Fighting
  1700 | D:5      | Reached skill level 1 in Short Blades
  1947 | Temple   | Entered the Ecumenical Temple
  1960 | Temple   | Became a worshipper of the Wu Jian Council
  2079 | D:5      | Killed from afar by an orc priest

Illustrated notes

Levels and vault maps discovered:
D:1:      tarquinn_simple_flora_water_e, layout_loops_ring, minmay_octomino_j4
D:2:      layout_rooms, old_standard_altar
D:3:      layout_loops_ring, first_ration, okawaru_gym_becter
D:4:      layout_gridville, vehumet_statue, gammafunk_temple_overflow_claw
D:5:      layout_basic, minmay_temple_entry_large_hall, ebering_ghost_sewer_f,
          nicolae_sextant
Temple:   regret_index_temple_waves

Skill      XL: |  1  2  3  4  5  6 |
---------------+-------------------+-----
Conjurations   | 1 2 3 4 5 |  5.0
Spellcasting   | 4 5 |  5.0
Fighting       | 1 |  1.3
Short Blades   | 1 |  1.3
Dodging        | |  1.7
Stealth        | |  1.7
Summonings     | |  0.8
Translocations | |  0.8

Action                   |  1- 3 |  4- 6 || total
-------------------------+-------+-------++-------
Melee: Unarmed           |    10 |       ||    10
       Dagger            |     8 |    74 ||    82
 Cast: Magic Dart        |    17 |    10 ||    27
       Call Imp          |     2 |     5 ||     7
       Mephitic Cloud    |       |     3 ||     3
 Stab: Sleeping          |     1 |       ||     1
  Eat: Chunk             |       |     4 ||     4
Armor: Robe              |     2 |     9 ||    11
Dodge: Dodged            |    11 |    34 ||    45

Table legend:
 A = Non-vault XP
 B = Vault XP
 C = Vault XP percentage of total XP
 D = Non-vault monster count
 E = Vault monster count
 F = Vault count percentage of total count
                 A         B        C        D         E       F
            +---------+---------+-------+---------+---------+-------
      Total |     577 |       0 |   0.0 |      31 |       0 |   0.0
            +---------+---------+-------+---------+---------+-------
        D:1 |       1 |       0 |   0.0 |       1 |       0 |   0.0
        D:2 |      22 |       0 |   0.0 |       6 |       0 |   0.0
        D:3 |       3 |       0 |   0.0 |       2 |       0 |   0.0
        D:4 |     311 |       0 |   0.0 |      13 |       0 |   0.0
        D:5 |     240 |       0 |   0.0 |       9 |       0 |   0.0
            +---------+---------+-------+---------+---------+-------
